Unix NetHack Version 5.0.0-0 post-release - last build May 31 2026 23:59:36 (970b52f25bf058293b47ddfd14a1e40e571c508c,branch:main).

Game began 2026-06-04 22:18:12, ended 2026-06-04 22:35:47.

Jobair, lawful female dwarven Archeologist

 -------     ############
 |{....|     #-----   ###
 |......##   #|....#  # #
 |..%..| #####|...|   # #
 |......######+....###f@r
 |.....|      |...| #
 -------      |...+##
              -----

Jobair the Field Worker    St:18 Dx:8 Co:10 In:15 Wi:16 Ch:8  Lawful
Dlvl:5  $:56 HP:0(43) Pw:9(9) AC:4  Xp:4 T:2095 

Latest messages:
 You lash the hill orc!
 The hill orc swings his curved sword.
 The hill orc hits!
 Godzilla picks up an iron skull cap.
 You lash the hill orc!
 The hill orc swings his curved sword.
 The hill orc hits!
 The hill orc picks up an iron skull cap.
 You swap places with Godzilla.
 You hear some noises.
 Godzilla eats a hill orc corpse.
 You swap places with Godzilla.
 M - a crude dagger.
 N - a curved sword.
 O - an iron skull cap.
 P - an iron skull cap.
 You see here an iron skull cap.
 Q - an iron skull cap.
 You kill the hill orc!
 There is a hill orc corpse here; eat it? [ynq] (n) y
 This hill orc corpse is fatty.
 You finish eating the hill orc corpse.
 R - a very rusty curved sword.
 S - an iron skull cap.
 It bites the yellow mold.
 It bites the yellow mold.
 The yellow mold is killed!
 You swap places with Godzilla.
 You miss the rabid rat.
 The rabid rat misses!
 You lash the rabid rat!
 The rabid rat bites!
 You miss the rabid rat.
 The rabid rat misses!
 You lash the rabid rat!
 The rabid rat misses!
 You miss the rabid rat.
 The rabid rat misses!
 You miss the rabid rat.
 The rabid rat bites!
 You miss the rabid rat.
 The rabid rat bites!
 You stop.  Godzilla is in the way!
 The rabid rat bites!
 You die...
 Do you want your possessions identified? [ynq] (y) y
 Do you want to see your attributes? [ynq] (y) y
 Do you want an account of creatures vanquished? [ynaq] (y) y
 Do you want to see your conduct and achievements? [ynq] (y) y
 Do you want to see the dungeon overview? [ynq] (y) y

Inventory:
 Coins    ('$')
  $ - 56 gold pieces
 Weapons  (')')
  M - a +0 orcish dagger
  a - a +2 bullwhip (weapon in left hand)
  N - a +0 scimitar
  R - a very rusty +0 scimitar
 Armor    ('[')
  J - an uncursed +0 orcish helm (being worn)
  O - an uncursed +0 orcish helm
  P - an uncursed +0 orcish helm
  Q - an uncursed +0 orcish helm
  S - an uncursed +0 orcish helm
  L - a blessed +1 mummy wrapping
  y - an uncursed +0 elven mithril-coat (being worn)
 Comestibles  ('%')
  H - an uncursed carrot
  d - 4 uncursed food rations
 Tools    ('(')
  h - an empty uncursed sack
  I - an uncursed blindfold
  i - an uncursed oil lamp
  e - a +0 pick-axe (alternate weapon; not wielded)
  B - an uncursed skeleton key
  f - a tinning kit (0:47)
 Gems/Stones  ('*')
  g - an uncursed touchstone

Jobair the Archeologist's attributes:

Background:
 You were a Field Worker, a level 4 female dwarven Archeologist.
 You were lawful, on a mission for Quetzalcoatl
 who was opposed by Camaxtli (neutral) and Huhetotl (chaotic).
 You were left-handed.
 You were in the Dungeons of Doom, on level 5.
 You entered the dungeon 2095 turns ago.
 It was nighttime.
 You had 136 experience points, 24 more were needed to attain level 5.

Basics:
 You had 0 out of 43 hit points.
 You had all 9 energy points (spell power).
 Your armor class was 4.
 Your wallet contained 56 zorkmids.
 Autopickup was off.

Final Characteristics:
 Your strength was 18 (limit:18/100).
 Your dexterity was 8 (peak:9, limit:20).
 Your constitution was 10 (limit:20).
 Your intelligence was 15 (limit:16).
 Your wisdom was 16 (limit:16).
 Your charisma was 8 (limit:16).

Final Status:
 You weren't hungry.
 You were unencumbered.
 You were wielding a whip.
 You had basic skill with whip.

Final Attributes:
 You were piously aligned.
 You had automatic searching.
 You had infravision.
 You were guarded.
 You are dead.

Miscellaneous:
 You didn't encounter any bones levels.
 Total elapsed playing time was 17 minutes and 33 seconds.

Major events:
 Turn
    1: Jobair the lawful female dwarven Archeologist entered the dungeon
  960: attained the rank of Field Worker (level 3)
 1632: entered the Gnomish Mines
 2095: killed by a rabid rat

You didn't know any spells.

Skills:
 Fighting Skills
   bare handed combat [Unskilled]
   two weapon combat  [Unskilled]
   riding             [Unskilled]
 Weapon Skills
   dagger             [Unskilled]
   knife              [Unskilled]
   pick-axe           [Basic]
   short sword        [Unskilled]
   saber              [Unskilled]
   club               [Unskilled]
   quarterstaff       [Unskilled]
   sling              [Unskilled]
   dart               [Unskilled]
   boomerang          [Unskilled]
   whip               [Basic]
   unicorn horn       [Unskilled]
 Spellcasting Skills
   attack spells      [Unskilled]
   healing spells     [Unskilled]
   divination spells  [Unskilled]
   matter spells      [Unskilled]

Voluntary challenges:
 Character rerolling was not enabled.
 You never genocided any monsters.
 You never polymorphed an object.
 You never changed form.
 You used no wishes.
Achievements:
 You attained the rank of Field Worker.
 You entered the Gnomish Mines.

 The Dungeons of Doom: levels 1 to 5
    Level 1:
       A fountain.
    Level 2:
       An altar to Quetzalcoatl, a sink.
    Level 3:
       Many fountains.
       Stairs down to The Gnomish Mines.
    Level 4:
       An altar, a fountain.
    Level 5: <- You were here.
       A sink.
       Final resting place for
          you, killed by a rabid rat.
 The Gnomish Mines:
    Level 4:


Vanquished creatures:
  a kobold mummy
  5 hill orcs
  a monkey
  2 coyotes
  a hobbit
  a large kobold
  2 giant rats
  a cave spider
  a yellow mold
  3 garter snakes
  2 geckos
  4 jackals
  2 foxes
  2 kobolds
  a goblin
  7 grid bugs
  8 lichens
  a kobold zombie
  4 newts
49 creatures vanquished.

No species were genocided or became extinct.

Game over:
                       ----------
                      /          \
                     /    REST    \
                    /      IN      \
                   /     PEACE      \
                  /                  \
                  |      Jobair      |
                  |      56 Au       |
                  |   killed by a    |
                  |    rabid rat     |
                  |                  |
                  |                  |
                  |       2026       |
                 *|     *  *  *      | *
        _________)/\\_//(\/(/\)/\//\/|_)_______

Goodbye Jobair the Archeologist...

You died in The Dungeons of Doom on dungeon level 5 with 795 points,
and 56 pieces of gold, after 2095 moves.
You were level 4 with a maximum of 43 hit points when you died.

